 Dungeon Crawl Stone Soup version 0.20.1-1-g8b1a95d (webtiles) character file.

248 equalderp2856 the Skirmisher (level 5, 0/42 HPs)
             Began as a Mummy Fighter on Oct 25, 2017.
             Slain by an iguana (8 damage)
             ... on level 4 of the Dungeon.
             The game lasted 00:04:30 (3069 turns).

equalderp2856 the Skirmisher (Mummy Fighter)        Turns: 3069, Time: 00:04:30

Health: 0/42       AC:  6    Str: 19    XL:     5   Next: 86%
Magic:  7/7        EV:  7    Int:  8    God:
Gold:   180        SH:  9    Dex: 12    Spells: 6/6 levels left

rFire    x . .     SeeInvis .   a - +0 war axe
rCold    + . .     Gourm    .   c - +0 shield
rNeg     + + +     Faith    .   b - +0 scale mail
rPois    ∞         Spirit   .   (no helmet)
rElec    .         Reflect  .   (no cloak)
rCorr    .         Harm     .   (no gloves)
MR       .....                  (no boots)
Stlth    ..........             (no amulet)
Regen    0.2/turn               (no ring)
MPRegen  0.1/turn               (no ring)

@: no status effects
A: no food or potions, fire vulnerability, cold resistance 1, negative energy
resistance 3, torment resistance, unbreathing
a: no special abilities


You were on level 4 of the Dungeon.
You were not hungry.

You visited 1 branch of the dungeon, and saw 5 of its levels.

You collected 180 gold pieces.

Inventory:

Hand Weapons
 a - a +0 war axe (weapon)
Armour
 b - a +0 scale mail (worn)
 c - a +0 shield (worn)
Scrolls
 d - a scroll of amnesia {unknown}
 e - 6 scrolls of identify {unknown}
 f - a scroll of enchant armour {unknown}
 g - a scroll of fog {unknown}
 h - a scroll of teleportation {unknown}
 i - 3 scrolls of remove curse {unknown}
 j - 2 scrolls of enchant weapon {unknown}
 k - a scroll of immolation {unknown}
 l - a scroll of recharging {unknown}
 m - a scroll of random uselessness {unknown}


   Skills:
 * Level 4.0 Fighting
 + Level 3.1 Axes
 + Level 2.9 Armour
 + Level 1.4 Dodging
 + Level 3.1 Shields
 * Level 1.3 Spellcasting


You had 6 spell levels left.
You didn't know any spells.

Dungeon Overview and Level Annotations

Branches:
Dungeon (5/15)
 Temple: D:4-7

Altars:
Fedhas
Ru


Innate Abilities, Weirdness & Mutations

You do not eat or drink.
Your flesh is vulnerable to fire.
You are immune to poison.
Your flesh is cold resistant. (rC+)
You are immune to negative energy. (rN+++)
You are immune to unholy pain and torment.
You can survive without breathing.


Message History

The iguana is lightly wounded.
The iguana bites you. You block the iguana's attack.
You completely miss the iguana.
The iguana is lightly wounded.
The iguana barely misses you.
You completely miss the iguana.
The iguana is lightly wounded.
The iguana bites you! x2
You closely miss the iguana.
The iguana is lightly wounded.
You block the iguana's attack.
You slash the iguana!
The iguana is almost dead.
You block the iguana's attack. x2
You closely miss the iguana.
The iguana is almost dead.
The iguana bites you!
* * * LOW HITPOINT WARNING * * *
The iguana bites you!
You die...

##..$##..# ##..........#
.#####...# #.....#...##
.........# #.##.######
####....#######.#..#
#.#..........#.#########
#.....>.#####..#.......#
####...###.# ##.##.......#
.....#.....####..##.......#
................@l........#
.###.#.##.......###.......#
.##..#.##.##.#### #.......#
.##.##.##..#..# ##.######
##.........#..###.##.#
#....................#
#..........##..##.####
....##.#[#......# #
.......†....###.#.#


You could see an iguana.

Vanquished Creatures
  A bullfrog skeleton (D:4)
  A hound (D:4)
  An orc wizard (D:4)
  6 adders
  An adder skeleton (D:4)
  2 worms
  A dart slug (D:1)
  2 leopard geckos
  5 orcs
  A ball python (D:4)
  11 giant cockroaches
  9 goblins
  8 hobgoblins
  11 jackals
  4 quokkas
  7 bats
  4 frilled lizards
  10 kobolds
  6 rats
91 creatures vanquished.

Notes
Turn   | Place    | Note
-------+----------+-------------------------------------------
     0 | D:1      | equalderp2856 the Mummy Fighter began the quest for the Orb.
     0 | D:1      | Reached XP level 1. HP: 18/18 MP: 1/1
    74 | D:1      | Reached XP level 2. HP: 24/24 MP: 2/2
   410 | D:1      | Reached XP level 3. HP: 29/29 MP: 3/3
  1283 | D:2      | Reached XP level 4. HP: 35/35 MP: 4/4
  1363 | D:2      | Found a faded altar of an unknown god.
  1637 | D:2      | Reached skill level 1 in Dodging
  1644 | D:2      | Found a blossoming altar of Fedhas.
  1820 | D:3      | Found a sacrificial altar of Ru.
  2127 | D:4      | HP: 1/36 [hound (3)]
  2130 | D:4      | Reached skill level 1 in Spellcasting
  2130 | D:4      | Reached XP level 5. HP: 1/41 MP: 6/6
  2800 | D:5      | Entered Level 5 of the Dungeon
  2829 | D:5      | Reached skill level 4 in Fighting
  3069 | D:4      | Slain by an iguana

Skill      XL: |  1  2  3  4  5 |
---------------+----------------+-----
Axes           | 2 3 |  3.1
Dodging        | 1 |  1.4
Shields        | 3 |  3.1
Spellcasting   | 1 |  1.3
Fighting       | 4 |  4.0
Armour         | |  2.9

Action                   |  1- 3 |  4- 6 || total
-------------------------+-------+-------++-------
Melee: War axe           |   144 |   200 ||   344
Armor: Scale mail        |    90 |    96 ||   186
Dodge: Dodged            |    61 |    53 ||   114
Block: Shield            |    98 |   117 ||   215
